 Dungeon Crawl Stone Soup version 0.23.0 (webtiles) character file.

Game seed: 5040531018327160949

602 LostNumber the Ruffian (level 7, -2/60 HPs)
             Began as a Red Draconian Transmuter on Feb 11, 2019.
             Was an Initiate of Okawaru.
             Slain by a sky beast (6 damage)
             ... on level 5 of the Dungeon.
             The game lasted 00:08:31 (3326 turns).

LostNumber the Ruffian (Red Draconian Transmuter)   Turns: 3326, Time: 00:08:32

Health: -2/60      AC:  2    Str: 13    XL:     7   Next: 18%
Magic:  4/10       EV: 19    Int: 15    God:    Okawaru [......]
Gold:   183        SH:  0    Dex: 16    Spells: 4/10 levels left

rFire    . . .     SeeInvis .     - Unarmed
rCold    . . .     Gourm    .   (shield currently unavailable)
rNeg     . . .     Faith    .   (armour unavailable)
rPois    x         Spirit   .   (helmet currently unavailable)
rElec    .         Reflect  .   (cloak currently unavailable)
rCorr    .         Harm     .   (gloves currently unavailable)
MR       .....                  (boots currently unavailable)
Stlth    +.........             (no amulet)
HPRegen  0.20/turn              (no ring)
MPRegen  0.12/turn              (no ring)

@: short of breath, spider-form
A: tiny, (breathe fire), unfitting armour, AC +6
a: End Transformation, Renounce Religion


You were on level 5 of the Dungeon.
You worshipped Okawaru.
Okawaru was noncommittal.
You were hungry.
You were a venomous arachnid creature.
You visited 1 branch of the dungeon, and saw 5 of its levels.

You collected 183 gold pieces.

Inventory:

Missiles
 a - 39 arrows
Armour
 w - a +0 cloak
   (You found it on level 4 of the Dungeon)
Jewellery
 v - an uncursed ring of wizardry {unknown}
   (You found it on level 4 of the Dungeon)
Wands
 u - a wand of scattershot (6)
   (You found it on level 4 of the Dungeon)
Scrolls
 b - a scroll of amnesia {unknown}
 h - a scroll of fear {unknown}
 i - a scroll of enchant weapon {unknown}
 k - a scroll of blinking {unknown}
 m - a scroll of enchant armour {unknown}
 o - 2 scrolls of remove curse {unknown}
 p - 2 scrolls of fog {unknown}
 r - a scroll of magic mapping {unknown}
 s - 2 scrolls of teleportation {unknown}
 x - a scroll of identify {@r1}
Potions
 c - 2 potions of brilliance
 f - 2 potions of cancellation {unknown}
 g - a potion of lignification {unknown}
 j - a potion of haste {unknown}
 l - 2 potions of curing {@q1}
 n - a potion of agility {unknown}
 q - a potion of invisibility {unknown}
 t - a potion of flight {unknown}
 z - a potion of magic {unknown}
Comestibles
 d - 2 chunks of flesh
 e - 4 rations {!d}


   Skills:
 + Level 4.4 Fighting
 - Level 1.7 Dodging
 * Level 6.5 Unarmed Combat
 + Level 2.4 Spellcasting
 + Level 2.6 Transmutations
 - Level 1.1 Poison Magic
 + Level 0.4 Invocations


You had 4 spell levels left.
You knew the following spells:

 Your Spells              Type           Power        Failure   Level  Hunger
a - Beastly Appendage     Tmut           #.....       19%         1    #......
s - Sticks to Snakes      Tmut           #.......     26%         2    ###....
x - Spider Form           Tmut/Pois      #.........   50%         3    ###....

Your spell library contained the following spells:

 Spells                   Type           Power        Failure   Level  Hunger
 Ice Form                 Ice/Tmut       #.......     90%         4    #####..
 Blade Hands              Tmut           #.........   97%         5    ######.


Dungeon Overview and Level Annotations

Branches:
Dungeon (5/15)
 Temple: D:4-7

Altars:
Dithmenos
Elyvilon
Okawaru
Qazlal
Uskayaw
Vehumet

Annotations:
D:3 Grinder


Innate Abilities, Weirdness & Mutations

((You can breathe blasts of fire.))
((Your fiery red scales are hard. (AC +6)))
You cannot fit into any form of body armour.
((Your flesh is heat resistant. (rF+)))
((You are cold-blooded and may be slowed by cold attacks.))


Message History

Unknown command.
You barely miss something.
Unknown command.
Casting: Sticks to Snakes (safe; 11% risk of failure)
Your horns disappear.
You turn into a venomous arachnid creature.
Something hits you but does no damage.
You hit something. Something barely misses you.
You barely miss something. Something hits you. Something shocks you.
* * * LOW HITPOINT WARNING * * *
You barely miss something. Something hits you.
* * * LOW HITPOINT WARNING * * *
Something shocks you.
* * * LOW HITPOINT WARNING * * *
Unknown command.
Something hits your ball python. Something shocks your ball python.
Your ball python dies!
You have got your breath back.
Your transformation has ended.
Your magical contamination has completely faded away.
You breathe a blast of fire.
The fiery breath hits something.
You are feeling hungry.
Unknown command.
A sky beast appears from thin air!
Reactivating autopickup.
The sky beast flickers out of sight!
Deactivating autopickup; reactivate with Ctrl-A.
Something hits you.
* * * LOW HITPOINT WARNING * * *
Something shocks you.
* * * LOW HITPOINT WARNING * * *
A sky beast appears from thin air!
Reactivating autopickup.
There is a stone staircase leading up here.
You turn into a venomous arachnid creature.
The sky beast hits you.
* * * LOW HITPOINT WARNING * * *
The sky beast shocks you.
* * * LOW HITPOINT WARNING * * *
You hit the sky beast but do no damage.
The sky beast is poisoned.
The sky beast flickers out of sight!
Deactivating autopickup; reactivate with Ctrl-A.
Something hits you.
* * * LOW HITPOINT WARNING * * *
Something shocks you.
You die...

.........########................
รท.#...............#####..........
..#......##########...........#..
................###.###.......#..
.##......######.........#########
.......................###
###.......###...######...########
###...........##########........#
...............{s.............[.#
..................########......#
#####...##.#.....................
...#.....#..########.........####
##...###......## #.........# #..##
#####...## #.........# ##..#
##...####.........# ....#
###....#...........#
###.#######..................# #


There were no monsters in sight!

Vanquished Creatures
  A scorpion (D:4)
  2 howler monkeys
  3 hounds (D:5)
  An orc wizard (D:3)
  Jessica (D:3)
  An iguana (D:4)
  4 worker ants
  Natasha (twice) (D:2)
  A worker ant zombie (D:5)
  2 adders
  An ooze (D:4)
  An adder skeleton (D:4)
  3 dart slugs
  2 leopard geckos
  13 orcs
  2 ball pythons (D:2)
  4 giant cockroaches
  7 goblins
  4 hobgoblins
  6 jackals
  3 kobolds
  3 quokkas
  5 bats
  6 frilled lizards
  6 rats
84 creatures vanquished.

Vanquished Creatures (collateral kills)
  A killer bee zombie (D:5)
  2 adders
3 creatures vanquished.

Grand Total: 87 creatures vanquished

Notes
Turn   | Place    | Note
-------+----------+-------------------------------------------
     0 | D:1      | LostNumber the Draconian Transmuter began the quest for the
                  | Orb.
     0 | D:1      | Reached XP level 1. HP: 16/16 MP: 3/3
   509 | D:1      | Reached XP level 2. HP: 23/23 MP: 3/5
   516 | D:1      | Learned a level 2 spell: Sticks to Snakes
   895 | D:2      | Reached XP level 3. HP: 23/29 MP: 1/6
  1015 | D:2      | Reached skill level 4 in Unarmed Combat
  1046 | D:2      | Noticed Natasha
  1057 | D:2      | Killed Natasha
  1064 | D:2      | Learned a level 3 spell: Spider Form
  1092 | D:2      | Found a radiant altar of Vehumet.
  1231 | D:2      | Reached XP level 4. HP: 28/37 MP: 3/7
  1464 | D:2      | Noticed Natasha
  1470 | D:2      | Killed Natasha
  1558 | D:3      | Noticed Jessica
  1559 | D:3      | Found a faded altar of an unknown god.
  1568 | D:3      | Killed Jessica
  1600 | D:3      | Reached skill level 5 in Unarmed Combat
  1610 | D:3      | Reached XP level 5. HP: 45/45 MP: 6/8
  1823 | D:3      | Noticed Grinder
  2124 | D:4      | Reached XP level 6. HP: 46/52 MP: 4/9
  2255 | D:4      | Found a stormy altar of Qazlal.
  2315 | D:4      | Reached skill level 6 in Unarmed Combat
  2733 | D:5      | Entered Level 5 of the Dungeon
  2733 | D:5      | Found an iron altar of Okawaru.
  2733 | D:5      | Found a hide-covered altar of Uskayaw.
  2746 | D:5      | Became a worshipper of Warmaster Okawaru
  3048 | D:5      | Reached skill level 1 in Poison Magic
  3058 | D:5      | Your scales start taking on a fiery red colour.
  3058 | D:5      | Reached XP level 7. HP: 57/60 MP: 5/10
  3058 | D:5      | Gained mutation: Your flesh is heat resistant. (rF+) [Red
                  | Draconian growth]
  3125 | D:5      | Found a white marble altar of Elyvilon.
  3184 | D:5      | Found a shadowy altar of Dithmenos.
  3326 | D:5      | Slain by a sky beast

Skill      XL: |  1  2  3  4  5  6 |
---------------+-------------------+-----
Fighting       | 2 3 4 |  4.4
Unarmed Combat | 4 5 6 |  6.5
Poison Magic   | 1 |  1.1
Dodging        | |  1.7
Spellcasting   | |  2.4
Transmutations | |  2.6
Invocations    | |  0.4

Action                   |  1- 3 |  4- 6 |  7- 9 || total
-------------------------+-------+-------+-------++-------
Melee: Unarmed           |   103 |   160 |    31 ||   294
       Headbutt          |     6 |     5 |     1 ||    12
       Tailslap          |     7 |     7 |     2 ||    16
       Kick              |     5 |    10 |       ||    15
       Punch             |       |     1 |       ||     1
 Cast: Beastly Appendage |    17 |    19 |     2 ||    38
       Sticks to Snakes  |     3 |     6 |     1 ||    10
       Spider Form       |     1 |     7 |     2 ||    10
 Abil: Breathe Fire      |       |       |     4 ||     4
  Use: Scroll            |       |     3 |       ||     3
  Eat: Chunk             |     2 |     8 |     1 ||    11
Armor: Skin              |    26 |    35 |    13 ||    74
Dodge: Dodged            |    74 |    98 |    22 ||   194
